 Dungeon Crawl Stone Soup version 0.21-a0-258-g4c0eb85 (webtiles) character file.

413 Spazmo the Magician (level 6, -4/32 HPs)
             Began as a Deep Elf Fire Elementalist on Sept 6, 2017.
             Slain by Duvessa
             ... wielding a +0 short sword
              (6 damage)
             ... on level 4 of the Dungeon.
             The game lasted 00:16:42 (3331 turns).

Spazmo the Magician (Deep Elf Fire Elementalist)    Turns: 3331, Time: 00:16:43

Health: -4/32      AC:  5    Str:  5    XL:     6   Next: 59%
Magic:  7/16       EV: 13    Int: 22    God:
Gold:   242        SH:  0    Dex: 15    Spells: 1/16 levels left

rFire    . . .     SeeInvis .   e - +2 dagger (elec)
rCold    . . .     Gourm    .   (no shield)
rNeg     + . .     Faith    .   a - +0 robe
rPois    .         Spirit   .   (no helmet)
rElec    .         Reflect  .   (no cloak)
rCorr    .         Harm     .   (no gloves)
MR       .....                  (no boots)
Stlth    +.........             (no amulet)
HPRegen  0.10/turn              h - ring of positive energy
MPRegen  0.15/turn              v - +3 ring of protection

@: glowing, invisible (but backlit and visible)
A: no striking features
a: no special abilities


You were on level 4 of the Dungeon.
You were hungry.

You visited 1 branch of the dungeon, and saw 4 of its levels.

You collected 242 gold pieces.

Inventory:

Hand Weapons
 e - a +2 dagger of electrocution (weapon)
Missiles
 d - 100 stones (quivered)
Armour
 a - a +0 robe (worn)
Jewellery
 h - a ring of positive energy (left hand)
 j - an uncursed ring of wizardry
 v - a +3 ring of protection (right hand)
Wands
 x - a wand of flame (47/48)
Scrolls
 f - 5 scrolls of identify
 g - 2 scrolls of remove curse
 k - a scroll of fog
 m - a scroll of teleportation
Potions
 i - a potion of magic
 o - a potion of flight
 q - a potion of brilliance
 s - a potion of curing {unknown}
 w - a potion of degeneration {unknown}
 z - a potion of berserk rage
Books
 b - a book of Flames

   Spells                             Type                      Level
   a - Flame Tongue                   Conjuration/Fire             1
   b - Throw Flame                    Conjuration/Fire             2
   c - Conjure Flame                  Conjuration/Fire             3
   d - Inner Flame                    Hexes/Fire                   3
   e - Sticky Flame                   Conjuration/Fire             4
   f - Fireball                       Conjuration/Fire             5
 u - a book of Minor Magic

   Spells                             Type                      Level
   a - Magic Dart                     Conjuration                  1
   b - Blink                          Translocation                2
   c - Call Imp                       Summoning                    2
   d - Slow                           Hexes                        2
   e - Conjure Flame                  Conjuration/Fire             3
   f - Mephitic Cloud                 Conjuration/Poison/Air       3
Comestibles
 c - 2 bread rations
 t - a royal jelly


   Skills:
 - Level 3.0 Dodging
 - Level 3.0 Stealth
 * Level 5.6 Spellcasting
 * Level 4.1 Conjurations
 * Level 5.3 Fire Magic


You had one spell level left.
You knew the following spells:

 Your Spells              Type           Power        Failure   Level  Hunger
a - Flame Tongue          Conj/Fire      ####.        1%          1    None
b - Throw Flame           Conj/Fire      ####..       1%          2    None
c - Conjure Flame         Conj/Fire      ####....     4%          3    ##.....
d - Sticky Flame          Conj/Fire      ####....     13%         4    ####...
e - Fireball              Conj/Fire      ####......   36%         5    #####..


Dungeon Overview and Level Annotations

Branches:
Dungeon (4/15)
 Temple: D:4-7

Altars:
Nemelex Xobeh
Sif Muna
Zin

Annotations:
D:4 Dowan, Duvessa


Message History

Press: ? - help, Shift-Dir - straight line, f/p - Duvessa
Aim: Duvessa, wielding a short sword and wearing a shiny ring mail (almost dead)
The flame tongue hits Duvessa.
Duvessa is almost dead.
Dowan barely misses you. Duvessa hits you with a short sword.
Casting: Flame Tongue
Confirm with . or Enter, or press ? or * to list all spells.
Aiming: Sticky Flame
Press: ? - help, Shift-Dir - straight line, f - Dowan, p - Duvessa
Aim: Dowan, wielding a dagger and wearing a robe The sticky flame hits Dowan.
Dowan is moderately wounded.
Dowan is covered in liquid flames!
Dowan burns!
Dowan points at you and mumbles some strange words.
The puff of flame hits you! Duvessa hits you with a short sword!
* * * LOW HITPOINT WARNING * * *
It was a potion of invisibility.
You become transparent, but the glow from your corona prevents you from becoming completely invisible.
Dowan burns!
Dowan closely misses you. Duvessa hits you with a short sword.
You die...

##########.#.....#.#####
.....................e..
#####.####.#.....e.....#
#.# #.#..##...###. #.#
#.#..#......# #.#
#.#..#.####.# ...
..#..#.# .. ...
..#..#e######## ...
..#...e@.....# #....
#.###.####.# #. ....
#####..# #..# .... ##..#
...


You could see Duvessa and Dowan (burning).

Vanquished Creatures
  A phantom (D:4)
  A bullfrog (D:3)
  3 orc wizards (D:3)
  A worker ant (D:4)
  4 adders
  A gnoll (D:1)
  2 oozes
  3 worms (D:3)
  8 orcs (D:3)
  3 ball pythons
  3 giant cockroaches
  6 goblins
  10 hobgoblins
  11 jackals
  7 kobolds
  3 quokkas
  7 bats
  2 frilled lizards
  11 rats
87 creatures vanquished.

Notes
Turn   | Place    | Note
-------+----------+-------------------------------------------
     0 | D:1      | Spazmo the Deep Elf Fire Elementalist began the quest for the Orb.
     0 | D:1      | Reached XP level 1. HP: 10/10 MP: 6/6
   156 | D:1      | Reached XP level 2. HP: 14/15 MP: 6/8
   160 | D:1      | Learned a level 2 spell: Throw Flame
   474 | D:1      | Reached XP level 3. HP: 19/19 MP: 8/10
   789 | D:1      | Learned a level 3 spell: Conjure Flame
  1846 | D:3      | Found a faded altar of an unknown god.
  1859 | D:3      | Noticed a bullfrog
  1861 | D:3      | Reached XP level 4. HP: 24/24 MP: 7/11
  1896 | D:3      | Learned a level 4 spell: Sticky Flame
  1900 | D:3      | Killed a bullfrog
  1999 | D:3      | Reached XP level 5. HP: 28/28 MP: 7/13
  2115 | D:3      | Found a sparkling altar of Nemelex Xobeh.
  2291 | D:3      | Found a deep blue altar of Sif Muna.
  2303 | D:3      | Reached skill level 5 in Spellcasting
  2468 | D:3      | Reached skill level 5 in Fire Magic
  2468 | D:3      | Reached XP level 6. HP: 31/32 MP: 4/15
  2475 | D:3      | Learned a level 5 spell: Fireball
  3180 | D:4      | Found a glowing silver altar of Zin.
  3308 | D:4      | Noticed Dowan
  3310 | D:4      | Noticed Duvessa
  3331 | D:4      | Slain by Duvessa

Vault maps used:
D:1:      denvon_arrival_waterhouse
D:3:      corexii_shack_village, overflow_temple_1_default, led_sif_book,
          first_bread, chequers_ecumenical_altar_simple_redux,
          kennysheep_crisscross, palyth_stone_intersect
D:4:      old_standard_altar, overflow_temple_1_default,
          nicolae_dithmenos_the_darkroom, minmay_temple_entry_hall, uniq_duvessa

Skill      XL: |  1  2  3  4  5  6 |
---------------+-------------------+-----
Conjurations   | 2 3 4 |  4.1
Fire Magic     | 4 5 |  5.3
Dodging        | 3 |  3.0
Stealth        | 3 |  3.0
Spellcasting   | 4 5 |  5.6

Action                   |  1- 3 |  4- 6 || total
-------------------------+-------+-------++-------
Melee: Club              |     5 |       ||     5
       Dagger            |     1 |    13 ||    14
Throw: Stone             |     3 |     6 ||     9
 Cast: Flame Tongue      |    74 |    98 ||   172
       Sticky Flame      |       |     4 ||     4
  Use: Potion            |     1 |     3 ||     4
       Scroll            |       |     7 ||     7
  Eat: Chunk             |     1 |     4 ||     5
       Royal jelly       |     1 |       ||     1
Armor: Robe              |     8 |     6 ||    14
Dodge: Dodged            |    16 |    20 ||    36

Table legend:
 A = Spawn XP
 B = Non-spawn XP
 C = Spawn XP percentage of total XP
 D = Spawn monster count
 E = Non-spawn monster count
 F = Spawn count percentage of total count
 G = Total turns spent on level
                    A         B        C        D         E        F      G
               +---------+---------+-------+---------+---------+-------+---------
         Total |       0 |     591 |   0.0 |       0 |      87 |   0.0 |  3331
               +---------+---------+-------+---------+---------+-------+---------
           D:1 |       0 |      73 |   0.0 |       0 |      34 |   0.0 |  1125
           D:2 |       0 |      21 |   0.0 |       0 |       6 |   0.0 |   717
           D:3 |       0 |     340 |   0.0 |       0 |      44 |   0.0 |  1295
           D:4 |       0 |     157 |   0.0 |       0 |       3 |   0.0 |   194
               +---------+---------+-------+---------+---------+-------+---------
